 Dungeon Crawl Stone Soup version 0.25-a0-479-g8579842 (webtiles) character file.

Game seed: 15902107536148936361, levelgen mode: deterministic

780 Coldstonesans the Stinger (level 7, 0/41 HPs)
             Began as an Octopode Venom Mage on Feb 10, 2020.
             Slain by a hound (5 damage)
             ... on level 5 of the Dungeon.
             The game lasted 00:09:38 (6304 turns).

Coldstonesans the Stinger (Octopode Venom Mage)     Turns: 6304, Time: 00:09:38

Health: 0/41       AC:  1    Str:  7    XL:     7   Next: 85%
Magic:  7/12       EV: 14    Int: 19    God:
Gold:   341        SH:  0    Dex: 13    Spells: 2/12 levels left

rFire    + . .     SeeInvis .   (no weapon)
rCold    x . .     Gourm    .   (no shield)
rNeg     . . .     Faith    .   (helmet restricted)
rPois    +         Spirit   .   (no amulet)
rElec    .         Reflect  .   j - ring of stealth
rCorr    .         Harm     .   c - ring of fire
MR       .....                  q - ring of poison resistance
Stlth    +++++.....             (no ring)
HPRegen  0.13/turn              (no ring)
MPRegen  0.13/turn              (no ring)
                                (no ring)
                                (no ring)

@: no status effects
A: almost no armour, stealthy swim, amphibious, 8 rings, constrict 8, camouflage
1, gelatinous body 1
a: no special abilities


You were on level 5 of the Dungeon.
You were hungry.

You visited 1 branch of the dungeon, and saw 5 of its levels.

You collected 341 gold pieces.

Inventory:

Armour
 d - a +0 buckler
Jewellery
 c - a ring of fire (right tentacle)
 j - a ring of stealth (left tentacle)
 q - a ring of poison resistance (on tentacle)
 u - an uncursed amulet of guardian spirit
Scrolls
 a - 9 scrolls of identify
 e - 6 scrolls of remove curse {unknown}
 h - a scroll of fog {unknown}
 l - 2 scrolls of blinking {unknown}
 m - 6 scrolls of teleportation {unknown}
 p - 2 scrolls of enchant weapon {unknown}
 r - a scroll of immolation {unknown}
Potions
 f - a potion of haste {unknown}
 g - 4 potions of heal wounds
 i - a potion of might {unknown}
 k - a potion of agility {unknown}
 n - 2 potions of berserk rage {unknown}
 o - a potion of ambrosia {unknown}
 s - a potion of curing {unknown}
Comestibles
 b - 7 rations


   Skills:
 + Level 3.6 Dodging
 + Level 5.2 Stealth
 + Level 2.7 Shields
 + Level 3.4 Spellcasting
 + Level 3.1 Transmutations
 * Level 6.7 Poison Magic


You had 2 spell levels left.
You knew the following spells:

 Your Spells              Type           Power        Failure   Level  Hunger
a - Sting                 Tmut/Pois      ###.         1%          1    None
b - Poisonous Vapours     Pois/Air       ###...       5%          2    ##.....
c - Ignite Poison         Fire/Tmut/Pois ###.....     12%         3    ###....
d - Olgreb's Toxic Radia  Pois           ####....     9%          4    ####...

Your spell library contained the following spells:

 Spells                   Type           Power        Failure   Level  Hunger
 Mephitic Cloud           Conj/Pois/Air  ##......     17%         3    ###....


Dungeon Overview and Level Annotations

Branches:
Dungeon (5/15)
 Temple: D:4-7

Altars:
Dithmenos
Gozag
Uskayaw


Innate Abilities, Weirdness & Mutations

You cannot wear most types of armour.
You are very stealthy in the water. (Stealth+)
You are amphibious.
You can wear up to eight rings at the same time.
You can use your tentacles to constrict eight enemies at once.
Your skin changes colour to match your surroundings (Stealth+).
Your rubbery body absorbs attacks. (AC +1, EV +1)


Message History

Aiming: Sting (safe; 1% risk of failure)
Press: ? - help, Shift-Dir - straight line, f - hound
Aim: a hound The sting misses the hound.
The hound bites you.
* * * LOW HITPOINT WARNING * * *
Casting: Sting (safe; 1% risk of failure)
Confirm with . or Enter, or press ? or * to list all spells.
Aiming: Sting (safe; 1% risk of failure)
Press: ? - help, Shift-Dir - straight line, f/p - hound
Aim: a hound The sting misses the hound.
The hound barely misses you. The hound bites you.
* * * LOW HITPOINT WARNING * * *
Casting: Sting (safe; 1% risk of failure)
Confirm with . or Enter, or press ? or * to list all spells.
Aiming: Poisonous Vapours (safe; 5% risk of failure)
Press: ? - help, Dir - move target cursor, f/p - hound
Aim: a hound Poisonous vapours surround the hound!
The hound is engulfed in poison gas.
The hound is poisoned.
The hound bites you.
You die...

...# .## ##... # #
#... . .## #. # # #
#.. ##. .# #..##..
##.# # .....# ...
###.# #..#####.#.###.
....# #.....@h.......
##..# #...####.......
#### ##..# .......
...########...#
.##....
##............# ..
...
###...##.##......_.
..
###..#....###...#.).#
# ....####..# #...#
.##
########..###.....


You could see a hound.

Vanquished Creatures
  A sky beast (D:5)
  3 ogres (D:4)
  A bullfrog zombie (D:5)
  A jelly (D:5)
  A centaur skeleton (D:4)
  An iguana (D:4)
  3 worker ants
  A killer bee zombie (D:5)
  A hound zombie (D:5)
  Robin (D:3)
  9 adders
  An ooze (D:2)
  A worm (D:1)
  9 dart slugs
  3 leopard geckos
  4 orcs
  5 giant cockroaches
  11 goblins
  6 hobgoblins
  9 jackals
  2 quokkas (D:4)
  2 ball pythons
  11 bats
  6 frilled lizards
  3 kobolds
  A leopard gecko skeleton (D:4)
  9 rats
106 creatures vanquished.

Notes
Turn   | Place    | Note
-------+----------+-------------------------------------------
     0 | D:1      | Coldstonesans the Octopode Venom Mage began the quest for
                  | the Orb.
     0 | D:1      | Reached XP level 1. HP: 11/11 MP: 3/3
   340 | D:1      | Reached XP level 2. HP: 17/17 MP: 1/5
   454 | D:1      | Reached skill level 4 in Poison Magic
   470 | D:1      | Learned a level 2 spell: Poisonous Vapours
   769 | D:1      | Reached XP level 3. HP: 5/21 MP: 0/6
  1783 | D:2      | Learned a level 3 spell: Ignite Poison
  2019 | D:2      | Reached XP level 4. HP: 25/27 MP: 0/7
  2116 | D:2      | Reached skill level 1 in Shields
  2611 | D:2      | Found a shadowy altar of Dithmenos.
  2936 | D:3      | Found a hide-covered altar of Uskayaw.
  3139 | D:3      | Reached XP level 5. HP: 27/31 MP: 2/8
  3141 | D:3      | Reached skill level 5 in Poison Magic
  3942 | D:4      | Noticed Robin
  3949 | D:3      | Killed Robin
  4282 | D:4      | Noticed an ogre
  4431 | D:4      | Reached XP level 6. HP: 34/36 MP: 4/10
  4908 | D:4      | Learned a level 4 spell: Olgreb's Toxic Radiance
  5394 | D:4      | Reached skill level 6 in Poison Magic
  5394 | D:4      | Reached XP level 7. HP: 41/41 MP: 2/11
  5554 | D:5      | Entered Level 5 of the Dungeon
  5688 | D:4      | Reached skill level 5 in Stealth
  6290 | D:5      | Found an opulent altar of Gozag.
  6304 | D:5      | Slain by a hound

Levels and vault maps discovered:
D:1:      psy_arrival_radial01, layout_loops_ring, minmay_distorted
D:2:      layout_rooms, minmay_stone_trees_small, nrook_campfire,
          grunt_dithmenos_smoke
D:3:      layout_basic, eat_drink_and_be_merry_uskayaw, first_ration,
          minmay_fountain_box, minmay_quantized
D:4:      layout_basic, minmay_box_of_dots, uniq_robin
D:5:      layout_rooms, nicolae_overflow_crystal_walls, minitemple,
          serial_shops, nicolae_shop_behind_doors, serial_bayou_pond_a,
          kennysheep_generic_room_13

Skill      XL: |  1  2  3  4  5  6  7 |
---------------+----------------------+-----
Stealth        | 3 4 5 |  5.2
Poison Magic   | 4 5 6 |  6.7
Shields        | 1 2 |  2.7
Transmutations | 2 3 |  3.1
Dodging        | 3 |  3.6
Spellcasting   | 3 |  3.4

Action                   |  1- 3 |  4- 6 |  7- 9 || total
-------------------------+-------+-------+-------++-------
Melee: Unarmed           |    86 |    89 |    26 ||   201
       Constrict         |    22 |    31 |     3 ||    56
       Tentacles         |     5 |    15 |     5 ||    25
 Cast: Sting             |    33 |    66 |    12 ||   111
       Poisonous Vapours |     2 |    22 |     4 ||    28
       Olgreb's Toxic Ra |       |     1 |     3 ||     4
       Ignite Poison     |       |     1 |       ||     1
  Use: Potion            |     1 |       |       ||     1
       Scroll            |       |     1 |       ||     1
 Stab: Sleeping          |     6 |    12 |       ||    18
  Eat: Chunk             |     4 |    12 |       ||    16
       Ration            |       |       |     1 ||     1
Armor: Skin              |    17 |    19 |     3 ||    39
Dodge: Dodged            |    91 |   115 |    31 ||   237

Table legend:
 A = Non-vault XP
 B = Vault XP
 C = Vault XP percentage of total XP
 D = Non-vault monster count
 E = Vault monster count
 F = Vault count percentage of total count
                 A         B        C        D         E       F
            +---------+---------+-------+---------+---------+-------
      Total |     983 |     132 |  11.8 |      90 |      16 |  15.1
            +---------+---------+-------+---------+---------+-------
        D:1 |      62 |       4 |   6.1 |      31 |       3 |   8.8
        D:2 |      69 |       0 |   0.0 |      15 |       0 |   0.0
        D:3 |      58 |      29 |  33.3 |      13 |       6 |  31.6
        D:4 |     531 |      50 |   8.6 |      23 |       6 |  20.7
        D:5 |     263 |      49 |  15.7 |       8 |       1 |  11.1
            +---------+---------+-------+---------+---------+-------
